 Dungeon Crawl Stone Soup version 0.18-a0-1539-g1c7284a (webtiles) character file.

5435 namelastname112 the Martial Artist (level 10, 0/84 HPs)
             Began as a Pale Draconian Monk on Mar 9, 2016.
             Was an Elder of Nemelex Xobeh.
             Slain by an orc warrior
             ... wielding a cursed -1 long sword
              (4 damage)
             ... on level 9 of the Dungeon.
             The game lasted 00:17:11 (8590 turns).

namelastname112 the Martial Artist (DrMo)           Turns: 8590, Time: 00:17:12

Health: 0/84       AC: 14    Str: 13    XL:     10   Next: 41%
Magic:  14/14      EV: 15    Int: 12    God:    Nemelex Xobeh [****..]
Gold:   614        SH:  0    Dex: 16    Spells: 0 memorised, 9 levels left

rFire  . . .     SeeInvis .       - Unarmed
rCold  . . .     Gourm    .     (armour unavailable)
rNeg   . . .     Faith    .     (no shield)
rPois  +         Spirit   .     J - +2 hat
rElec  .         Dismiss  .     (no cloak)
rCorr  .         Reflect  .     r - +0 pair of gloves
SustAt .         Harm     .     (no boots)
MR     .....                    (no amulet)
Stlth  ++........               p - +4 ring of protection
                                k - ring of poison resistance

@: drained, not resistant to hostile enchantments, unstealthy
A: breathe steam, unfitting armour, cold-blooded, AC +7
a: Breathe Steam, Triple Draw, Deal Four, Renounce Religion


You were on level 9 of the Dungeon.
You worshipped Nemelex Xobeh.
Nemelex Xobeh was greatly pleased with you.
You were not hungry.

You visited 1 branch of the dungeon, and saw 9 of its levels.

You collected 614 gold pieces.

Inventory:

Hand Weapons
 w - a +1 blowgun
Missiles
 x - 52 poisoned needles
Armour
 r - a +0 pair of gloves (worn)
 J - a +2 hat (worn)
Jewellery
 e - an uncursed ring of see invisible
 k - a ring of poison resistance (left hand)
 p - a +4 ring of protection (right hand)
 R - an uncursed ring of positive energy
Wands
 G - a wand of polymorph (13/24)
 N - a wand of disintegration (24/24)
 S - a wand of acid (8/15)
Scrolls
 c - 4 scrolls of remove curse
 j - 2 scrolls of fog
 s - 5 scrolls of teleportation
 y - a scroll of enchant weapon
 F - a scroll of amnesia
 H - 2 scrolls of recharging
Potions
 d - 4 potions of curing
 g - 2 potions of cancellation
 h - 5 potions of might
 l - a potion of resistance
 v - 5 potions of lignification
 B - 3 potions of haste
 E - 4 potions of heal wounds
 K - a potion of agility
 Q - a potion of invisibility
Books
 I - a book of Changes

   Spells                             Type                      Level
   a - Beastly Appendage              Transmutation                1
   b - Sticks to Snakes               Transmutation                2
   c - Spider Form                    Transmutation/Poison         3
   d - Ice Form                       Ice/Transmutation            4
   e - Blade Hands                    Transmutation                5
 L - a book of Summonings

   Spells                             Type                      Level
   a - Recall                         Summoning/Translocation      3
   b - Aura of Abjuration             Summoning                    5
   c - Summon Demon                   Summoning                    5
   d - Summon Forest                  Summoning/Translocation      5
   e - Summon Mana Viper              Hexes/Summoning              5
   f - Shadow Creatures               Summoning                    6
Miscellaneous
 f - a plain deck of war
 t - an ornate deck of war {drawn: 5}
 u - a plain deck of destruction {drawn: 7}
 C - an ornate deck of war
 O - an ornate deck of war {drawn: 1}
Comestibles
 a - 10 bread rations
 b - 9 beef jerkies
 i - 2 chunks of flesh
 n - 2 slices of pizza
 A - 4 fruits
 D - 7 meat rations


   Skills:
 + Level 6.6(6.1) Fighting
 + Level 5.4(4.9) Dodging
 - Level 1.7(1.3) Stealth
 + Level 12.8(12.3) Unarmed Combat
 + Level 5.7(5.3) Evocations


You had 9 spell levels left.
You didn't know any spells.

Dungeon Overview and Level Annotations

Branches:
Dungeon (9/15)             Temple (0/1) D:4             Orc (0/2) D:9
   Lair: D:8-11

Altars:
Dithmenos
Elyvilon
Makhleb
Nemelex Xobeh
Okawaru
Qazlal
Sif Muna
Zin

Shops:
D:8 }   D:9 (


Innate Abilities, Weirdness & Mutations

You can breathe blasts of scalding, opaque steam.
Your pale cyan-grey scales are hard (AC +7).
Your body does not fit into most forms of armour.
You are cold-blooded and may be slowed by cold attacks.


Message History

The hell rat closely misses you.
The orc warrior hits you with a long sword!
You hit the orc warrior.
The orc warrior is almost dead.
The orc hits you but does no damage. The hell rat misses you.
You closely miss the orc warrior.
The orc warrior is almost dead.
The orc warrior hits you with a long sword!
The orc hits you with a club. The hell rat bites you!!
* * * LOW HITPOINT WARNING * * *
You feel drained.
* * * LOW HITPOINT WARNING * * *
Read which item? (? for menu, Esc to quit)
Okay, then.
Evoke which item? (* to show all) (? for menu, Esc to quit)
You draw a card...
It is the Illusion.
Suddenly you stand beside yourself. The hell rat misses you.
The orc warrior hits you with a long sword.
You die...
Your body glows with a rainbow of weird colours and disappears.

###[.......≈≈≈.....
............≈≈.....
......≈............
.....≈≈≈≈....##.###
.....≈≈≈≈≈........#
.....≈≈≈≈.........# .####
....@...o<.....#...
......###o###..#.#.......
.....ZFr@o..)............
......r######..##........
....... .<............
....... #.##.###........
......# # #.. .........
...... #.. .#.##...
...... .... .....[..
...... .... ..#.. ..#..


You could see an orc warrior, a giant frog, a hell rat, an orc, a rat, a quokka
skeleton and the friendly namelastname112's illusion.

Vanquished Creatures
  A centaur skeleton (D:7)
  Joseph (D:7)
  A wolf (D:8)
  A hungry ghost (D:7)
  2 orc warriors
  A black bear (D:8)
  3 ogres
  2 ice beasts
  2 necrophages (D:7)
  3 centaurs
  The ghost of Uberwunderbarhen the Insei, an amateur OpTm (D:3)
  3 giant frogs
  A scorpion (D:5)
  A water moccasin skeleton (D:9)
  11 wights
  2 howler monkeys (D:7)
  A crimson imp (D:6)
  A giant frog zombie (D:6)
  6 orc priests
  3 hounds
  2 jellies
  7 orc wizards
  11 worker ants
  A hound zombie (D:5)
  A hound skeleton (D:6)
  8 adders
  10 gnolls
  A howler monkey skeleton (D:5)
  2 shadow imps
  A giant eyeball (D:3)
  2 oozes
  An adder skeleton (D:5)
  2 worms (D:3)
  4 giant geckos
  34 orcs
  5 giant cockroaches
  7 hobgoblins
  9 jackals
  13 kobolds
  4 quokkas
  4 ball pythons
  11 bats
  3 giant newts
  10 goblins
  A quokka zombie (D:5)
  4 rats
205 creatures vanquished.

Vanquished Creatures (collateral kills)
  Gastronok (D:8)
  Grum (D:8)
  3 wolves (D:8)
  An adder (D:8)
  An orc (D:8)
7 creatures vanquished.

Grand Total: 212 creatures vanquished

Notes
Turn   | Place    | Note
--------------------------------------------------------------
     0 | D:1      | namelastname112 the Draconian Monk began the quest for the Orb.
     0 | D:1      | Reached XP level 1. HP: 19/19 MP: 1/1
   123 | D:1      | Reached XP level 2. HP: 6/26 MP: 2/2
   766 | D:1      | Reached skill level 5 in Unarmed Combat
   766 | D:1      | Reached XP level 3. HP: 21/31 MP: 3/3
  1268 | D:2      | Reached XP level 4. HP: 31/38 MP: 4/4
  1709 | D:2      | Reached skill level 6 in Unarmed Combat
  2352 | D:2      | Found a burning altar of Makhleb.
  2365 | D:2      | Found a sparkling altar of Nemelex Xobeh.
  2367 | D:2      | Found a white marble altar of Elyvilon.
  2368 | D:2      | Found a deep blue altar of Sif Muna.
  2370 | D:2      | Found a shadowy altar of Dithmenos.
  2371 | D:2      | Found a glowing silver altar of Zin.
  2383 | D:2      | Became a worshipper of Nemelex Xobeh the Trickster
  2383 | D:2      | Received a gift from Nemelex Xobeh
  2383 | D:2      | Reached * piety under Nemelex Xobeh
  2383 | D:2      | Received a gift from Nemelex Xobeh
  2383 | D:2      | Reached ** piety under Nemelex Xobeh
  2477 | D:2      | Reached XP level 5. HP: 45/45 MP: 5/5
  2785 | D:3      | Noticed Uberwunderbarhen's ghost (amateur OpTm)
  3101 | D:3      | Killed Uberwunderbarhen's ghost
  3101 | D:3      | Reached skill level 7 in Unarmed Combat
  3101 | D:3      | Reached XP level 6. HP: 35/51 MP: 6/6
  3475 | D:3      | Noticed Sigmund
  3478 | D:3      | Noticed Sigmund
  3478 | D:3      | Sigmund changed into Sigmund the giant eyeball
  3481 | D:3      | Paralysed by Sigmund for 2 turns
  3486 | D:3      | Killed Sigmund the giant eyeball
  3750 | D:3      | Received a gift from Nemelex Xobeh
  3782 | D:3      | Reached skill level 8 in Unarmed Combat
  3803 | D:4      | Found a staircase to the Ecumenical Temple.
  4382 | D:4      | Your scales start taking on a pale cyan-grey colour.
  4382 | D:4      | Reached XP level 7. HP: 49/57 MP: 7/7
  4593 | D:5      | Entered Level 5 of the Dungeon
  4678 | D:5      | Reached skill level 9 in Unarmed Combat
  5010 | D:5      | Received a gift from Nemelex Xobeh
  5119 | D:5      | Reached *** piety under Nemelex Xobeh
  5598 | D:6      | Reached skill level 10 in Unarmed Combat
  5678 | D:6      | Reached XP level 8. HP: 63/63 MP: 8/8
  5709 | D:6      | Found a stormy altar of Qazlal.
  5709 | D:6      | Found an iron altar of Okawaru.
  5727 | D:6      | Received a gift from Nemelex Xobeh
  6097 | D:6      | Reached skill level 11 in Unarmed Combat
  6578 | D:7      | Noticed Joseph
  6589 | D:7      | Killed Joseph
  6664 | D:7      | Reached skill level 12 in Unarmed Combat
  6739 | D:7      | Reached XP level 9. HP: 70/70 MP: 9/9
  6748 | D:7      | Reached skill level 1 in Evocations
  6909 | D:7      | Reached **** piety under Nemelex Xobeh
  7224 | D:8      | Reached skill level 5 in Fighting
  7463 | D:8      | Found Qyakamn's Quality Used Wands.
  7467 | D:8      | Noticed Gastronok
  7679 | D:8      | Killed Gastronok
  7679 | D:8      | Reached skill level 5 in Evocations
  7679 | D:8      | Reached XP level 10. HP: 81/83 MP: 13/13
  7740 | D:8      | Noticed Grum
  7752 | D:8      | Reached skill level 5 in Dodging
  7757 | D:8      | Killed Grum
  8385 | D:9      | Received a gift from Nemelex Xobeh
  8462 | D:9      | Found a staircase to the Orcish Mines.
  8462 | D:9      | Found Huisood's Weapon Emporium.
  8462 | D:9      | Found King's Armour Emporium.
  8589 | D:9      | HP: 4/84 [hell rat (5)]
  8590 | D:9      | Slain by an orc warrior

Vault maps used:
D:1:      dpeg_arrival_central
D:2:      minitemple, first_bread
D:3:      uniq_sigmund
D:4:      temple_pool_b, grunt_decor_mini_mirrors
D:6:      gammafunk_temple_overflow_pools, minmay_tree_intersection
D:7:      grunt_ogre_cave, minmay_misc_feat_columns, uniq_joseph
D:8:      nicolae_for_you_no_charge, uniq_gastronok, uniq_grum
D:9:      dpeg_lair_monsters, orc_david_3

Skill      XL: |  1  2  3  4  5  6  7  8  9 10 |
---------------+-------------------------------+-----
Unarmed Combat | 5 6 7 8 10 12 | 12.8
Evocations     | 5 |  5.7
Dodging        | 4 5 |  5.4
Fighting       | 5 6 |  6.6
Stealth        | |  1.7

Action                   |  1- 3 |  4- 6 |  7- 9 | 10-12 || total
-------------------------+-------+-------+-------+-------++-------
Melee: Unarmed           |    84 |   239 |   226 |    97 ||   646
 Abil: Breathe Steam     |       |       |    25 |     6 ||    31
Evoke: Deck              |       |     3 |    13 |     6 ||    22
  Use: Scroll            |       |       |       |    19 ||    19
 Stab: Sleeping          |     3 |     6 |     4 |       ||    13
       Distracted        |       |     1 |     2 |       ||     3
  Eat: Chunk             |       |    10 |    12 |     4 ||    26
       Royal jelly       |       |       |     1 |       ||     1
